 Dungeon Crawl Stone Soup version 0.17.1-1-g73c8601 (webtiles) character file.

788767 Runnr the Slayer (level 27, -6/171 HPs)
             Began as a Gargoyle Fighter on Jan 2, 2016.
             Was the Champion of Makhleb.
             Killed from afar by Lom Lobon (25 damage)
             ... with a great icy blast
             ... in Pandemonium on Jan 3, 2016.
             The game lasted 08:37:33 (90462 turns).

Runnr the Slayer (Gargoyle Fighter)                Turns: 90462, Time: 08:37:39

Health: -6/171     AC: 42    Str: 25 (26) XL:     27
Magic:  21/39      EV: 29    Int: 14      God:    Makhleb [******]
Gold:   6327       SH: 32    Dex: 24      Spells: 13 memorised, 11 levels left

rFire  + . .     SeeInvis .     r - +9 broad axe (elec)
rCold  + + .     Clarity  .     e - +4 ring mail {rC+}
rNeg   + + +     SustAt   .     M - +6 large shield of the Elephant {Int+4}
rPois  ∞         Gourm    .     P - +0 hat {MR+}
rElec  +         Spirit   .     T - +2 cloak
rCorr  +         Warding  .     q - +0 pair of gloves
rMut   .         Stasis   .     X - +2 pair of boots "Teokeis" {*Contam rF+ rN+++ rCorr}
MR     +++..                    a - amulet of Tummy {rCorr rPois}
Stlth  ..........               G - ring of a Hundred Seas {*Drain +Fly Str+3 Dex+8 Stlth-}
                                p - ring of protection from cold

@: swift (expiring), flying, repel missiles, quick, extremely resistant to
hostile enchantments, extremely unstealthy
A: big wings, clumsy 1, deformed body, deterioration 1, frail 1, low mp 1,
negative energy resistance 1, screaming 3, electricity resistance, unbreathing,
petrification resistance, rot immunity, subdued magic 1, AC +20
a: Stop Flying, Minor Destruction, Lesser Servant of Makhleb, Major Destruction,
Greater Servant of Makhleb, Renounce Religion
}: 6/15 runes: decaying, serpentine, slimy, silver, abyssal, demonic


You were in Pandemonium.
You worshipped Makhleb.
Makhleb was exalted by your worship.
You were not hungry.

You visited 12 branches of the dungeon, and saw 62 of its levels.
You visited Pandemonium 1 time, and saw 10 of its levels.
You visited the Abyss 2 times.
You visited 2 bazaars.
You also visited: Volcano and Wizlab.

You collected 10668 gold pieces.
You spent 4341 gold pieces at shops.

Inventory:

Hand Weapons
 r - a +9 broad axe of electrocution (weapon)
Armour
 e - a +4 ring mail of cold resistance (worn)
 q - a +0 pair of gloves (worn)
 H - a quicksilver dragon armour
 J - a +0 fire dragon armour
 M - the +6 large shield of the Elephant (worn) {Int+4}
   (You found it on level 2 of the Depths)

   It affects your intelligence (+4).
 P - a +0 hat of magic resistance (worn)
 T - a +2 cloak (worn)
 X - the +2 pair of boots "Teokeis" (worn) {*Contam rF+ rN+++ rCorr}
   (You acquired it on level 3 of the Realm of Zot)

   It protects you from fire.
   It renders you almost immune to negative energy.
   It causes magical contamination when unequipped.
   It protects you from acid and corrosion.
Jewellery
 a - the amulet of Tummy (around neck) {rCorr rPois}
   (You found it on level 1 of the Lair of Beasts)

   [amulet of resist corrosion]

   It protects you from acid and corrosion.
   It protects you from poison.
 g - an uncursed amulet of the gourmand
 p - a ring of protection from cold (left hand)
 F - an uncursed ring of protection from fire
 G - the ring of a Hundred Seas (right hand) {*Drain +Fly Str+3 Dex+8 Stlth-}
   (You took it off a deep elf sorcerer on level 3 of the Elven Halls)

   [ring of flight]

   It affects your strength (+3).
   It affects your dexterity (+8).
   It lets you fly.
   It causes draining when unequipped.
   It makes you less stealthy.
 Q - an uncursed ring of protection from magic
 Z - an uncursed ring of teleportation
Wands
 c - a wand of teleportation (2)
 x - a wand of hasting (2)
 I - a wand of heal wounds (0)
 O - a wand of hasting (4)
 R - a wand of digging (2)
Scrolls
 i - 9 scrolls of enchant weapon
 j - 18 scrolls of teleportation
 k - 21 scrolls of remove curse
 l - 6 scrolls of fear
 n - 13 scrolls of enchant armour
 o - 4 scrolls of magic mapping
 t - 10 scrolls of recharging
 w - 10 scrolls of immolation
 y - 31 scrolls of identify
 C - 3 scrolls of holy word
 D - 10 scrolls of amnesia
 U - 7 scrolls of silence
 V - 2 scrolls of summoning
 Y - 9 scrolls of fog
Potions
 b - 2 potions of invisibility
 d - 5 potions of might
 f - 4 potions of magic
 h - 16 potions of curing
 m - 4 potions of resistance
 s - 4 potions of cancellation
 u - 7 potions of haste
 v - 8 potions of berserk rage
 A - 2 potions of agility
 K - 9 potions of brilliance
Comestibles
 z - 8 fruits
 B - a beef jerky
 E - 19 bread rations
 L - 4 royal jellies
 S - 12 meat rations


   Skills:
 + Level 24.2 Fighting
 - Level 17.8(18.2) Axes
   Level 8.0(14.7) Maces & Flails
 + Level 22.4 Armour
 + Level 17.4 Dodging
 + Level 22.8 Shields
 - Level 16.6 Spellcasting
 - Level 8.3 Charms
 - Level 10.5 Necromancy
 - Level 10.0 Translocations
 - Level 2.0 Air Magic
 - Level 9.1 Invocations
 - Level 10.0 Evocations


You had 11 spell levels left.
You knew the following spells:

 Your Spells              Type           Power        Failure   Level  Hunger
a - Apportation           Tloc           ####......   1%          1    None
b - Blink                 Tloc           N/A          1%          2    None
c - Teleport Other        Tloc           ####....     1%          3    None
d - Silence               Hex/Air        #.........   95%         5    ####...
e - Phase Shift           Tloc           ####......   1%          5    ####...
f - Regeneration          Chrm/Necr      ####......   1%          3    None
g - Deflect Missiles      Chrm/Air       ###.......   96%         6    ######.
h - Haste                 Chrm           ###.....     26%         6    ######.
i - Swiftness             Chrm/Air       ###.....     1%          2    None
j - Repel Missiles        Chrm/Air       ###...       1%          2    None
k - Controlled Blink      Tloc           N/A          100%        8    #######
l - Spectral Weapon       Hex/Chrm       ###.....     2%          3    None
s - Song of Slaying       Chrm           ###.....     1%          2    None


Dungeon Overview and Level Annotations

Branches:
Dungeon (15/15)            Temple (1/1) D:6            Lair (8/8) D:9
  Swamp (4/4) Lair:3        Snake (4/4) Lair:3        Slime (6/6) Lair:6
    Orc (4/4) D:9             Elf (3/3) Orc:3        Vaults (5/5) D:13
  Crypt (3/3) Vaults:2       Tomb (0/3) Crypt:3      Depths (5/5) D:15
    Zot (4/5) Depths:5

Altars:
Ashenzari
Cheibriados
Dithmenos
Elyvilon
Fedhas
Gozag
Kikubaaqudgha
Makhleb
Nemelex Xobeh
Okawaru
Qazlal
Ru
Sif Muna
Trog
Vehumet
Xom
Yredelemnul
Zin
The Shining One
Beogh
Jiyva
Lugonu

Shops:
D:15 %   Orc:4 :??%   Elf:2 %   Snake:4 =((?

Portals:
Hell: Depths:1 Depths:2 Depths:3 Depths:4 Depths:5
Abyss: Depths:4
Pandemonium: Depths:1 Depths:3
Ziggurat: Depths:1

Annotations:
D:3 AlfredTheGreat's ghost, amateur DrBe
D:7 Menkaure
D:8 exclusion: statue
D:11 exclusion: ice statue
Lair:3 exclusion: oklob plant
Lair:4 Harold
Snake:2 Vashnia
Elf:1 exclusion: orange crystal statue
Vaults:3 Mennas
Pan Lom Lobon


Innate Abilities, Weirdness & Mutations

You are resistant to torment.
Your stone body is resilient (AC +20).
You are immune to poison.
Your large and strong wings let you fly indefinitely.
You resist negative energy.
You are resistant to electric shocks.
You can survive without breathing.
You are immune to petrification.
You are immune to rotting.
You are clumsy. (Dex -2)
Armour fits poorly on your strangely shaped body.
Your body sometimes deteriorates upon taking damage.
You are frail (-10% HP).
Your magical capacity is low (-10% MP).
You frequently scream uncontrollably at your foes.
Your spells are a little easier to cast, but a little less powerful.


Message History

* * * LOW HITPOINT WARNING * * *
Lom Lobon barely misses you.
Drink which item? (? for menu, Esc to quit)
Okay, then.
Casting: Swiftness
Confirm with . or Enter, or press ? or * to list all spells.
Okay, then.
Drink which item? (? for menu, Esc to quit)
Okay, then.
Casting: Swiftness
Confirm with . or Enter, or press ? or * to list all spells.
Okay, then.
Casting: Swiftness
Confirm with . or Enter, or press ? or * to list all spells.
You blink.
The ice encasing you melts away. Lom Lobon gestures at you.
Lom Lobon conjures a mighty blast of ice!
The great icy blast engulfs you! You partially resist.
You die...

###≈≈≈≈≈≈≈≈≈≈≈≈≈≈≈≈≈≈≈≈≈.
#≈≈≈≈≈≈≈≈≈≈≈≈≈≈≈≈≈≈≈≈≈≈≈≈
##≈≈≈≈≈≈≈≈≈≈≈≈≈≈≈≈≈≈≈≈≈≈≈≈
#≈≈≈≈≈≈≈≈≈#######≈≈≈≈≈≈≈≈≈
#≈≈≈≈≈≈####§§§§§####≈≈≈###
##≈≈≈≈###.§§§§§§§§§§#####≈≈
#≈≈≈≈##...§§§§§§&§§§§§§#≈≈≈
#≈≈≈##≈...§§§§§§§§§§§§.##≈≈
#≈≈##≈≈...@§§§§§§§§§§...##≈
##≈≈#≈≈≈≈...#######§§§§...#≈
#≈≈≈#≈≈≈≈#..#.....####§...#.
#≈≈##≈≈###......... ###..##
#≈≈#≈≈##..........2 ##..#
#≈≈#≈##............ ##..
#≈≈###.§........... #.#
##≈≈##§............ ###
#≈≈##§§§§§........ ##.


You could see Lom Lobon.

Vanquished Creatures
  the royal jelly (Slime:6)
  An orb of fire (Zot:3)
  An ancient lich (Zot:3)
  5 pandemonium lords (Pan)
  Frederick (Vaults:4)
  Margery (Vaults:4)
  2 curse toes
  8 golden dragons
  A profane servitor (Abyss:3)
  Xtahua (Depths:4)
  A bone dragon (Abyss:3)
  A hellephant (Abyss:3)
  An electric golem (Zot:2)
  6 liches
  5 Brimstone Fiends (Pan)
  16 tentacled monstrosities
  8 titans
  Asterion (Snake:4)
  3 deep elf blademasters
  An Ice Fiend (Pan)
  6 quicksilver dragons
  A Shadow Fiend (Pan)
  5 sphinxes
  An Executioner (Pan)
  18 acid blobs
  16 tentacled starspawn
  9 death cobs
  An octopode crusher (Depths:5)
  2 ancient champions
  Agnes (Elf:2)
  Kirke (Swamp:4)
  10 shadow dragons
  4 blood saints (Pan)
  11 storm dragons
  10 fire giants
  12 azure jellies
  2 draconian monks
  A daeva (Abyss:3)
  Wiglaf (Crypt:2)
  4 corrupters (Pan)
  8 greater nagas (Snake:4)
  13 balrugs
  9 deep elf sorcerers
  2 revenants
  6 tengu reavers
  3 draconian knights
  3 iron dragons
  3 orc warlords
  Aizul (Snake:1)
  12 vault wardens
  5 draconian scorchers
  4 frost giants
  3 ghost moths
  A juggernaut zombie (Crypt:2)
  2 curse skulls (Crypt:1)
  5 cacodemons (Pan)
  21 ironheart preservers
  4 draconian zealots
  4 draconian shifters
  An angel (Pan)
  4 warmongers (Pan)
  3 spriggan defenders (Depths:5)
  7 reapers (Pan)
  2 war gargoyles (Vaults:5)
  5 draconian annihilators
  5 ghouls
  28 stone giants
  A stone giant (shapeshifter) (Depths:4)
  21 very ugly things
  5 green draconians
  3 vampire knights
  2 draconian callers
  7 deep elf demonologists
  6 black draconians
  10 red draconians
  2 chaos champions (Pan)
  14 deep elf annihilators
  6 purple draconians
  A salamander stormcaller (Vaults:3)
  8 mottled draconians
  9 white draconians
  3 lorocyprocas (Pan)
  7 yellow draconians
  A black sun (Pan)
  31 vault guards
  4 eidola
  A merfolk javelineer (Depths:3)
  6 death oozes
  12 ettins
  5 fire dragons
  2 quicksilver dragon zombies (Crypt:3)
  6 jiangshi
  7 deep elf death magi
  3 deep elf high priests
  14 great orbs of eyes
  8 blizzard demons
  30 yaktaur captains
  13 green deaths (Pan)
  3 hell beasts
  9 hydras
  17 ice dragons
  A great orb of eyes (shapeshifter) (Depths:5)
  24 naga warriors
  A quicksilver dragon skeleton (Abyss:3)
  10 monstrous demonspawn (Pan)
  8 rakshasas
  8 entropy weavers
  A ghost crab (Swamp:2)
  13 anacondas
  3 catoblepae (Lair:8)
  2 spriggan air magi
  16 dancing weapons
  10 centaur warriors
  17 death yaks
  14 ogre magi
  9 alligators
  10 tengu warriors
  18 sun demons
  10 deep troll earth magi
  13 vampire magi
  3 spriggan berserkers
  14 naga sharpshooters
  3 deep troll shamans
  2 hell hogs (Pan)
  14 thrashing horrors (Abyss:3)
  2 storm dragon zombies (Crypt:3)
  9 shock serpents
  3 iron trolls (Depths:5)
  23 hell knights
  33 small abominations
  43 large abominations
  6 salamander mystics
  22 skeletal warriors
  16 soul eaters
  11 wretched stars
  12 ice devils
  8 gelid demonspawn (Pan)
  5 shadow wraiths
  9 spatial maelstroms (Abyss:3)
  21 deep trolls
  A golden dragon zombie (Abyss:3)
  A death drake (shapeshifter) (Vaults:5)
  5 naga ritualists
  18 deep elf knights
  A ghost moth zombie (Crypt:3)
  2 ball lightnings (Pan)
  4 infernal demonspawn
  12 swamp dragons
  2 shadow demons (Pan)
  10 giant orange brains
  32 phantasmal warriors
  3 torturous demonspawn (Pan)
  3 spriggan druids (Swamp:4)
  19 deep elf summoners
  4 flayed ghosts
  2 shambling mangroves (Swamp:3)
  29 orc knights
  4 unseen horrors
  4 putrid demonspawn (Pan)
  5 wizards
  9 mana vipers
  A sphinx zombie (Crypt:3)
  2 shadow dragon zombies (Crypt:3)
  A wolf spider zombie (Crypt:3)
  20 deep elf conjurers
  An orb spider (Abyss:3)
  6 hill giants
  19 ironbrand convokers
  15 moths of wrath
  2 tengu skeletons (Vaults:1)
  5 orc sorcerers
  69 ugly things
  2 shining eyes
  6 cyclopes
  2 stone giant zombies
  2 manticores (D:15)
  A faun (shapeshifter) (Vaults:4)
  6 harpies
  A sphinx skeleton (Vaults:5)
  5 wolf spiders
  20 necromancers
  10 sixfirhies
  5 worldbinders
  4 griffons
  4 hornets
  A cyclops (shapeshifter) (Vaults:5)
  13 salamanders
  2 shining eyes (shapeshifter)
  5 toenail golems
  11 guardian serpents
  4 eyes of devastation
  A dire elephant zombie (Crypt:3)
  15 orange demons
  A frost giant skeleton (Vaults:5)
  A molten gargoyle (Depths:3)
  16 vault sentinels
  A titan simulacrum (Crypt:1)
  3 stone giant skeletons
  A guardian serpent (shapeshifter) (Depths:3)
  A shock serpent zombie (Crypt:1)
  14 spiny frogs
  44 black mambas
  5 apocalypse crabs (Abyss:3)
  An elephant (shapeshifter) (Vaults:5)
  19 naga magi
  2 kobold demonologists
  2 rust devils
  A purple draconian zombie (Crypt:3)
  An efreet (Abyss:3)
  3 human zombies
  58 yaktaurs
  45 smoke demons
  11 tormentors (Pan)
  2 gargoyles (D:14)
  6 demonic crawlers
  6 freezing wraiths
  A yaktaur zombie (Vaults:4)
  2 yaktaur skeletons
  2 jumping spiders
  4 fire drakes
  18 red devils
  55 starcursed masses (Abyss:3)
  A troll (shapeshifter) (D:15)
  The ghost of Flanowski the Covered, an amateur MiFi of Makhleb (D:4)
  A fire drake (shapeshifter) (Vaults:5)
  10 komodo dragons
  5 tengu conjurers
  31 hellwings
  An iron troll skeleton (Crypt:2)
  A jumping spider (shapeshifter) (Vaults:5)
  22 deep elf priests
  A hydra zombie (Crypt:3)
  4 blue devils
  9 trolls
  13 ancient zymes
  7 boulder beetles
  A polar bear (D:11)
  2 merfolk (shapeshifter) (Vaults:5)
  Grinder (D:6)
  An alligator zombie (Crypt:2)
  26 two-headed ogres
  5 bog bodies
  2 ettin zombies
  7 giant leeches
  A trapdoor spider zombie (D:8)
  14 blink frogs
  A blink frog (shapeshifter) (Vaults:4)
  6 flying skulls (Crypt:2)
  27 raiju
  12 spriggans
  A trapdoor spider (D:14)
  5 wyverns
  127 slime creatures
  A black mamba zombie (Crypt:2)
  A tarantella (shapeshifter) (Elf:2)
  Sigmund (D:5)
  6 shadows
  19 vampires
  A fire dragon skeleton (Crypt:2)
  17 wraiths
  A human (shapeshifter) (Vaults:4)
  12 redbacks
  27 deep elf magi
  2 spriggans (shapeshifter)
  6 water elementals
  15 chaos spawn
  30 deep elf fighters
  19 neqoxecs
  Eustachio (D:5)
  3 tarantellas (Depths:2)
  13 golden eyes
  3 hogs (Swamp:4)
  14 hippogriffs
  6 hungry ghosts
  15 ynoxinuls
  2 human simulacra
  37 yaks
  A hill giant skeleton (Crypt:1)
  6 humans (Volcano)
  5 mottled dragons
  25 vampire mosquitoes
  2 steam dragons
  25 swamp worms
  17 insubstantial wisps
  Edmund (D:6)
  A merfolk zombie (Crypt:3)
  A mottled dragon (shapeshifter) (Vaults:5)
  6 wolves
  5 hell hounds
  7 spatial vortices (Abyss:3)
  5 wargs
  15 water moccasins
  55 nagas
  44 orc warriors
  2 soldier ants
  A faun skeleton (Crypt:3)
  A sky beast (shapeshifter) (Abyss:3)
  A hornet simulacrum (Vaults:1)
  A deep troll skeleton (Vaults:2)
  10 porcupines
  A snapping turtle zombie (Crypt:1)
  8 sky beasts
  An elephant zombie (Crypt:1)
  4 ice beasts
  17 wasps
  10 swamp drakes
  A black bear (Lair:2)
  6 necrophages
  21 centaurs
  10 eyes of draining
  2 phantoms
  An eye of draining (shapeshifter) (Depths:5)
  12 boggarts
  2 ogres (shapeshifter)
  An elephant skeleton (Crypt:1)
  69 ogres
  12 crocodiles
  A big kobold (shapeshifter) (Vaults:1)
  4 brain worms
  8 big kobolds
  An elf skeleton (Crypt:1)
  18 giant frogs
  A fire drake skeleton (Crypt:3)
  2 glowing shapeshifter simulacra (Vaults:5)
  An earth elemental (Abyss:3)
  3 wyvern skeletons
  5 scorpions
  9 wights
  28 killer bees
  9 electric eels
  6 centaur zombies
  20 orc priests
  9 crimson imps
  8 hounds
  A yaktaur simulacrum (Vaults:1)
  2 quasits
  A two-headed ogre zombie (Crypt:2)
  38 jellies
  6 centaur skeletons
  5 iron imps
  Jessica (D:2)
  14 iguanas
  31 orc wizards
  6 giant frog skeletons
  15 worker ants
  A deep dwarf zombie (Crypt:2)
  24 sheep
  A giant frog simulacrum (D:11)
  A crocodile skeleton (Crypt:1)
  2 worker ant zombies
  Robin (D:2)
  86 river rats
  A scorpion zombie (Crypt:2)
  5 gnolls
  14 adders
  8 white imps
  2 shadow imps
  A worker ant simulacrum (D:11)
  5 ufetubi (Abyss:3)
  2 oozes
  A sheep skeleton (Crypt:1)
  4 worms
  4 giant geckos
  165 orcs
  10 giant cockroaches
  11 goblins
  16 hobgoblins
  12 jackals
  2 ball pythons
  A ball python skeleton (Crypt:3)
  10 bats
  A giant gecko zombie (D:7)
  6 giant newts
  29 kobolds
  A kobold zombie (Crypt:1)
  8 quokkas
  A quokka skeleton (D:6)
  2 quokka zombies
  8 rats
  11 crawling corpses
  12 fungi
  2 lurking horrors (Abyss:3)
  18 starspawn tentacles
3581 creatures vanquished.

Vanquished Creatures (collateral kills)
  Mara (Snake:4)
  A deep elf master archer (Elf:3)
  2 acid blobs (Slime:6)
  2 thorn hunters (Swamp:3)
  Frances (Swamp:1)
  2 azure jellies (Slime:6)
  Donald (Elf:1)
  A greater naga (Snake:4)
  The ghost of Glider the Carver, a journeyman GrFi of Ashenzari (Orc:4)
  Snorg (Lair:3)
  A death ooze (Slime:6)
  An ettin (Orc:3)
  A slime creature (Slime:6)
  A naga warrior (Snake:4)
  19 hydras
  A death yak (Lair:8)
  2 naga sharpshooters (Snake:2)
  A hill giant (Orc:4)
  3 spiny frogs
  A torpor snail (Lair:8)
  5 black mambas
  A guardian serpent (Snake:4)
  2 komodo dragons (Lair:6)
  A bog body (Swamp:1)
  A two-headed ogre (Orc:4)
  A yak (Lair:6)
  2 vampire mosquitoes (Swamp:3)
  3 wolves (Lair:8)
  A swamp worm (Swamp:1)
  5 water moccasins
  2 porcupines
  A naga (Snake:2)
  2 swamp drakes
  4 ogres (Orc:4)
  A giant frog (Lair:6)
  An electric eel (Lair:8)
  10 river rats
  2 kobolds (D:11)
  2 briar patches (Swamp:3)
91 creatures vanquished.

Vanquished Creatures (others)
  A deep elf blademaster (Elf:3)
  A lich (Vaults:5)
  An eldritch tentacle (Pan)
  A draconian scorcher (Abyss:3)
  A green death (Pan)
  Josephine (Lair:4)
  A monstrous demonspawn (Pan)
  A hydra (Swamp:2)
  A deep elf knight (Elf:1)
  A soul eater (Pan)
  2 sun demons (Pan)
  A giant orange brain (Pan)
  11 ball lightnings (Pan)
  A gelid demonspawn (Pan)
  A deep elf conjurer (Elf:1)
  A small abomination (Vaults:5)
  A redback (Depths:3)
  A neqoxec (Pan)
  A spatial vortex (Abyss:3)
  A chaos spawn (Abyss:3)
  A giant frog (D:11)
  A killer bee (D:11)
  A hound (D:11)
  A starcursed mass (Abyss:3)
  A sheep (Lair:7)
  An orc (Orc:4)
  A briar patch (Swamp:3)
  91 eldritch tentacle segments (Pan)
  15 fungi
  7 lost souls
  A lurking horror (Abyss:3)
  14 plants
  2 spectral weapons (Pan)
  29 starspawn tentacles
  520 starspawn tentacle segments
  4 tentacles (Abyss:3)
  46 tentacle segments (Abyss:3)
767 creatures vanquished.

Grand Total: 4439 creatures vanquished

Notes
Turn   | Place    | Note
--------------------------------------------------------------
     0 | D:1      | Runnr the Gargoyle Fighter began the quest for the Orb.
     0 | D:1      | Reached XP level 1. HP: 14/14 MP: 1/1
    42 | D:1      | Reached XP level 2. HP: 19/19 MP: 2/2
   281 | D:1      | Reached XP level 3. HP: 23/23 MP: 3/3
   715 | D:1      | Reached skill level 4 in Armour
   803 | D:1      | Reached XP level 4. HP: 29/29 MP: 4/4
  1073 | D:2      | Noticed Jessica
  1095 | D:2      | Found a sacrificial altar of Ru.
  1360 | D:2      | Killed Jessica
  1495 | D:2      | Found a faded altar to an unknown god.
  1503 | D:2      | Reached XP level 5. HP: 30/33 MP: 5/5
  1545 | D:2      | Noticed Robin
  1563 | D:2      | Killed Robin
  2454 | D:3      | Noticed AlfredTheGreat's ghost (amateur DrBe)
  2537 | D:3      | Reached XP level 6. HP: 36/39 MP: 6/6
  2840 | D:4      | Got an iridescent war axe
  2846 | D:4      | Identified the +5 war axe of Ehyrunab {vamp, Int+3} (You found it on level 4 of the Dungeon)
  2983 | D:4      | Reached skill level 5 in Armour
  3038 | D:4      | Reached skill level 5 in Shields
  3050 | D:4      | Noticed Flanowski's ghost (amateur MiFi)
  3069 | D:4      | Killed Flanowski's ghost
  3069 | D:4      | Reached skill level 5 in Fighting
  3069 | D:4      | Reached XP level 7. HP: 26/44 MP: 7/7
  3209 | D:5      | Entered Level 5 of the Dungeon
  3307 | D:5      | Noticed Eustachio
  3339 | D:5      | Killed Eustachio
  3410 | D:5      | Reached XP level 8. HP: 47/51 MP: 8/8
  3455 | D:5      | Noticed Sigmund
  3470 | D:5      | Killed Sigmund
  3470 | D:5      | Reached skill level 6 in Fighting
  3875 | D:4      | Found a glowing golden altar of the Shining One.
  3875 | D:4      | Found a deep blue altar of Sif Muna.
  4078 | D:6      | Noticed Edmund
  4100 | D:6      | Killed Edmund
  4100 | D:6      | Reached skill level 5 in Axes
  4134 | D:6      | Found a bloodstained altar of Trog.
  4328 | D:6      | Reached XP level 9. HP: 54/56 MP: 9/9
  4415 | D:6      | Noticed Grinder
  4434 | D:6      | Killed Grinder
  4434 | D:6      | Reached skill level 7 in Fighting
  4435 | D:6      | Got a twisted hand axe
  4677 | D:6      | Found a staircase to the Ecumenical Temple.
  4749 | Temple   | Entered the Ecumenical Temple
  4969 | Temple   | Became a worshipper of Makhleb the Destroyer
  5220 | D:7      | Found a shattered altar of Ashenzari.
  5358 | D:7      | Noticed Menkaure
  5853 | D:7      | Reached * piety under Makhleb
  5937 | D:7      | Reached skill level 8 in Fighting
  6312 | D:8      | Reached ** piety under Makhleb
  6313 | D:8      | Reached XP level 10. HP: 42/64 MP: 10/10
  6443 | D:8      | Found a stormy altar of Qazlal.
  6601 | D:8      | Found a radiant altar of Vehumet.
  6880 | D:9      | Found a staircase to the Lair.
  6900 | Lair:1   | Entered Level 1 of the Lair of Beasts
  7046 | D:9      | Found an opulent altar of Gozag.
  7094 | D:9      | Reached *** piety under Makhleb
  7102 | D:9      | Reached skill level 9 in Fighting
  7145 | D:9      | Found a staircase to the Orcish Mines.
  7158 | D:9      | Reached skill level 1 in Dodging
  7592 | D:9      | Reached **** piety under Makhleb
  7680 | Lair:1   | Got a slimy bronze amulet
  8177 | D:10     | Entered Level 10 of the Dungeon
  8205 | D:10     | Reached XP level 11. HP: 68/71 MP: 11/11
  8444 | D:10     | Noticed a cyclops
  8458 | D:10     | Killed a cyclops
  8826 | D:10     | Noticed a hill giant
  8936 | D:10     | Killed a hill giant
  9340 | Lair:1   | Reached skill level 10 in Fighting
  9341 | Lair:1   | Reached ***** piety under Makhleb
  9978 | Lair:2   | Reached skill level 10 in Shields
 10027 | Lair:2   | Reached skill level 10 in Armour
 10037 | Lair:2   | Reached skill level 1 in Invocations
 10170 | Lair:2   | Reached skill level 5 in Invocations
 10225 | Lair:2   | Noticed a four-headed hydra
 10256 | Lair:2   | Killed a six-headed hydra
 10256 | Lair:2   | Reached XP level 12. HP: 38/78 MP: 16/16
 10733 | Lair:2   | Found a stormy altar of Qazlal.
 10784 | Lair:3   | Noticed an eight-headed hydra
 10926 | Lair:3   | Killed an eight-headed hydra
 10995 | Lair:3   | Found a staircase to the Snake Pit.
 11482 | Lair:3   | Found a staircase to the Swamp.
 11684 | Lair:3   | Noticed Snorg
 11707 | Lair:3   | Killed Snorg
 12578 | Lair:4   | Identified the amulet of Tummy {rCorr rPois} (You found it on level 1 of the Lair of Beasts)
 12751 | Lair:4   | Noticed Harold
 12755 | Lair:4   | Noticed Josephine
 12902 | Lair:3   | Reached skill level 11 in Fighting
 12991 | Lair:4   | HP: 2/80 [Harold/bolt of fire (16)]
 13331 | Lair:4   | Reached XP level 13. HP: 84/84 MP: 19/19
 13358 | Lair:4   | Killed Josephine
 13481 | Lair:4   | Reached skill level 5 in Dodging
 14092 | Lair:5   | Reached ****** piety under Makhleb
 14563 | Lair:6   | Found a staircase to the Slime Pits.
 15348 | Lair:6   | Learned a level 2 spell: Blink
 15350 | Lair:6   | Learned a level 1 spell: Apportation
 15354 | Lair:6   | Learned a level 3 spell: Teleport Other
 15360 | Lair:6   | Learned a level 5 spell: Silence
 15994 | Lair:8   | Entered Level 8 of the Lair of Beasts
 16098 | Lair:8   | Reached skill level 12 in Fighting
 17116 | Lair:8   | Gained mutation: Your large and strong wings let you fly indefinitely. [Gargoyle growth]
 17116 | Lair:8   | Reached XP level 14. HP: 89/92 MP: 20/20
 17168 | Lair:8   | Reached skill level 10 in Axes
 17617 | Lair:8   | Learned a level 2 spell: Song of Slaying
 18212 | Orc:1    | Entered Level 1 of the Orcish Mines
 18377 | Orc:2    | HP: 3/92 [orc warrior/halberd[an orc knight] (13)]
 19290 | Orc:3    | HP: 3/92 [ettin/dire flail (20)]
 19749 | Orc:3    | Found a staircase to the Elven Halls.
 20424 | Orc:4    | Entered Level 4 of the Orcish Mines
 20424 | Orc:4    | Noticed Glider's ghost (journeyman GrFi)
 20621 | Orc:4    | Killed Glider's ghost
 20723 | Orc:4    | Found a dark tunnel.
 20732 | Volcano  | Entered a volcano
 21321 | Orc:4    | Found a roughly hewn altar of Beogh.
 21328 | Orc:4    | Reached skill level 13 in Fighting
 21358 | Orc:4    | Found Exzetut's Magic Scroll Emporium.
 21389 | Orc:4    | Reached XP level 15. HP: 98/98 MP: 21/21
 21418 | Orc:4    | Found Nicvot's Food Emporium.
 21418 | Orc:4    | Found Visulyr's Book Shop.
 21423 | Orc:4    | Bought a scroll of magic mapping for 42 gold pieces
 21430 | Orc:4    | Found Mira's Magic Scroll Shoppe.
 21439 | Orc:4    | Bought a scroll of identify for 32 gold pieces
 21478 | Orc:4    | Bought a scroll of identify for 24 gold pieces
 21478 | Orc:4    | Bought a scroll of identify for 24 gold pieces
 21487 | Orc:4    | Bought a manual of Fighting for 1214 gold pieces
 21801 | Orc:4    | Bought a scroll of teleportation for 36 gold pieces
 22017 | Snake:1  | Entered Level 1 of the Snake Pit
 22173 | Snake:1  | Noticed Aizul
 22229 | Snake:1  | Killed Aizul
 23073 | Snake:2  | Reached skill level 14 in Fighting
 23242 | Snake:2  | Noticed Vashnia
 23811 | Snake:3  | Reached XP level 16. HP: 104/107 MP: 22/22
 24048 | Snake:3  | Reached skill level 15 in Fighting
 24413 | Snake:3  | Got a translucent quarterstaff
 24512 | Snake:4  | Entered Level 4 of the Snake Pit
 24563 | Snake:4  | Found Faot's Magic Scroll Shoppe.
 24578 | Snake:4  | Found a flickering gateway to a bazaar.
 24578 | Snake:4  | Found Netuso's Antique Weapon Shop.
 24589 | Bazaar   | Entered a bazaar
 24590 | Bazaar   | Found Dedain's Magic Scroll Emporium.
 24590 | Bazaar   | Found Xuppec's Armour Emporium.
 24591 | Bazaar   | Found Jynug's Book Boutique.
 24594 | Bazaar   | Found Bapnadem's Gadget Shop.
 24664 | Bazaar   | Bought a scroll of identify for 12 gold pieces
 24664 | Bazaar   | Bought a scroll of silence for 45 gold pieces
 24664 | Bazaar   | Bought a scroll of identify for 12 gold pieces
 24664 | Bazaar   | Bought a scroll of fog for 12 gold pieces
 24664 | Bazaar   | Bought a scroll of magic mapping for 21 gold pieces
 24664 | Bazaar   | Bought a scroll of identify for 12 gold pieces
 24664 | Bazaar   | Bought a scroll of enchant weapon for 45 gold pieces
 24664 | Bazaar   | Bought a scroll of identify for 12 gold pieces
 24724 | Bazaar   | Bought a wand of teleportation (2) for 288 gold pieces
 24813 | Snake:4  | Noticed Asterion
 24839 | Snake:4  | Killed Asterion
 25005 | Snake:4  | Reached skill level 16 in Fighting
 25087 | Snake:4  | Noticed Mara
 25087 | Snake:4  | Noticed Mara
 25087 | Snake:4  | Noticed Mara
 25088 | Snake:4  | Noticed Runnr's illusion
 25486 | Snake:4  | Bought a scroll of teleportation for 42 gold pieces
 25552 | Snake:4  | Reached XP level 17. HP: 115/115 MP: 23/23
 25581 | Snake:4  | Noticed Runnr's illusion
 25861 | Swamp:1  | Entered Level 1 of the Swamp
 25883 | Swamp:1  | Noticed Frances
 25900 | Swamp:1  | Killed Frances
 26153 | Swamp:1  | Reached skill level 10 in Dodging
 26743 | Swamp:2  | Found an opulent altar of Gozag.
 27106 | Swamp:2  | Reached skill level 15 in Shields
 27117 | Swamp:2  | Reached skill level 17 in Fighting
 28431 | Swamp:4  | Entered Level 4 of the Swamp
 29439 | D:11     | Found a gateway to a bazaar.
 30009 | D:11     | Reached skill level 15 in Armour
 31345 | D:13     | Identified a scroll of acquirement
 31577 | D:13     | Reached XP level 18. HP: 124/124 MP: 24/24
 31702 | D:13     | Reached skill level 18 in Fighting
 31871 | D:13     | Found a gate to the Vaults.
 32696 | D:15     | Entered Level 15 of the Dungeon
 32977 | D:15     | Found Hitse's Food Shoppe.
 33110 | D:15     | Found a staircase to the Depths.
 33307 | D:15     | Found a blossoming altar of Fedhas.
 33406 | D:15     | Got a crude ring mail
 33417 | D:15     | Identified the +2 ring mail of the Ego {+Blink +Inv rPois Dex-3} (You found it on level 15 of the Dungeon)
 33931 | Elf:1    | Entered Level 1 of the Elven Halls
 34457 | Elf:1    | Noticed Donald
 34474 | Elf:1    | Killed Donald
 34921 | Elf:1    | Identified Iskenderun's Guide on Cloudy Conjuration
 35266 | Elf:2    | Found Satoegg's Food Shoppe.
 35371 | Elf:2    | Found a runed door.
 35631 | Elf:2    | Found a runed gate.
 35631 | Elf:2    | Found a runed gate.
 35640 | Elf:2    | Found a runed gate.
 35748 | Elf:2    | Gained mutation: Your muscles are strong. (Str +2) [potion of beneficial mutation]
 35947 | Elf:2    | Reached skill level 1 in Evocations
 36153 | Elf:2    | Reached XP level 19. HP: 128/132 MP: 25/25
 36170 | Elf:2    | Noticed Agnes
 36183 | Elf:2    | Killed Agnes
 36640 | Elf:3    | Entered Level 3 of the Elven Halls
 36926 | Elf:3    | Noticed a Brimstone Fiend
 36935 | Elf:3    | Cast into the Abyss (a deep elf sorcerer)
 36984 | Elf:3    | Escaped the Abyss
 37840 | Snake:4  | Noticed Runnr's illusion
 37869 | Snake:4  | Killed Mara
 37869 | Snake:4  | Reached skill level 5 in Evocations
 37979 | Snake:4  | Reached skill level 15 in Axes
 38138 | Snake:4  | Found Xusse's Jewellery Shoppe.
 38619 | Snake:4  | Got a serpentine rune of Zot
 38746 | Snake:4  | Found Utanlacom's Weapon Shoppe.
 38812 | Snake:4  | Identified the +12 hand axe of the Solstice {venom, rC+ MR+ MP+9 Dex+4} (You found it on level 6 of the Dungeon)
 38821 | Snake:4  | Identified the +4 quarterstaff of Jyruloakla {crush, rElec} (You found it on level 3 of the Snake Pit)
 38836 | Snake:4  | Bought a smoking morningstar for 333 gold pieces
 38842 | Snake:4  | Identified the cursed +0 morningstar "Lavua" {speed, Dex+2 Stlth+} (You bought it in a shop on level 4 of the Snake Pit)
 39341 | Swamp:4  | Noticed Kirke
 39363 | Swamp:4  | Killed Kirke
 39477 | Swamp:4  | Reached XP level 20. HP: 137/137 MP: 26/26
 39721 | Swamp:4  | Got a decaying rune of Zot
 40128 | Vaults:1 | Entered Level 1 of the Vaults
 41160 | Vaults:1 | Reached skill level 10 in Evocations
 41774 | Vaults:2 | Found a staircase to the Crypt.
 42118 | Vaults:2 | Reached skill level 19 in Fighting
 42624 | Vaults:2 | Reached XP level 21. HP: 144/144 MP: 28/28
 43204 | Vaults:3 | Got a scorched chain mail
 43215 | Vaults:3 | Identified the +1 chain mail "Soupuz" {+Blink} (You found it on level 3 of the Vaults)
 43284 | Vaults:3 | Noticed Mennas
 44122 | Vaults:4 | Gained mutation: You expend magic power (3 MP) to strengthen your wands. [a neqoxec]
 44180 | Vaults:4 | Noticed Frederick
 44223 | Vaults:4 | Killed Frederick
 44688 | Vaults:4 | Noticed Margery
 44712 | Vaults:4 | Killed Margery
 45370 | Depths:1 | Entered Level 1 of the Depths
 45391 | Depths:1 | Reached skill level 20 in Fighting
 45395 | Depths:1 | Reached XP level 22. HP: 152/152 MP: 29/29
 46573 | D:15     | Reached skill level 1 in Translocations
 47042 | Elf:3    | Got a pitted granite ring
 47431 | Elf:3    | Learned a level 3 spell: Regeneration
 47581 | Elf:3    | Identified the ring of a Hundred Seas {*Drain +Fly Str+3 Dex+8 Stlth-} (You took it off a deep elf sorcerer on level 3 of the Elven Halls)
 47999 | Elf:3    | Identified the Guide on Arcane Weapons and Flames (You found it on level 3 of the Elven Halls)
 48038 | Elf:3    | Got a crystal flail
 48231 | Elf:3    | Identified the cursed +1 flail of Taxation {crush, rF+ rC- Int+3 Dex+4} (You found it on level 3 of the Elven Halls)
 48678 | Crypt:1  | Entered Level 1 of the Crypt
 48792 | Crypt:1  | Reached skill level 1 in Maces & Flails
 49748 | Crypt:2  | Reached skill level 5 in Maces & Flails
 49852 | Crypt:2  | Noticed Wiglaf
 50063 | Crypt:2  | Killed Wiglaf
 50097 | Crypt:2  | Killed the ghostly Wiglaf
 50588 | Crypt:3  | Entered Level 3 of the Crypt
 50660 | Crypt:3  | Found a staircase to the Tomb.
 50957 | Crypt:3  | Reached XP level 23. HP: 156/158 MP: 30/30
 51005 | Crypt:3  | Found an ancient bone altar of Kikubaaqudgha.
 52105 | Crypt:3  | Identified Cigotuvi's Almanac of Necromancy
 52214 | Crypt:3  | Got a pair of jewelled gloves
 52225 | Crypt:3  | Identified the cursed +0 pair of gloves of Ru {rElec rC+ Str-2 Dex-4} (You found it on level 3 of the Crypt)
 53358 | Depths:1 | Reached skill level 5 in Translocations
 55014 | Depths:1 | Reached skill level 1 in Spellcasting
 55137 | Depths:1 | Found a one-way gate leading to the halls of Pandemonium.
 55142 | Depths:1 | Found a gateway to Hell.
 55268 | Depths:1 | Found a gateway to a ziggurat.
 56590 | Depths:2 | Reached skill level 5 in Spellcasting
 56593 | Depths:2 | Reached XP level 24. HP: 164/164 MP: 30/30
 56806 | Depths:2 | Got a slimy executioner's axe
 56891 | Depths:2 | Found an iron altar of Okawaru.
 56937 | Depths:2 | Got a steaming war axe
 56946 | Depths:2 | Identified the +1 war axe of Intuition {venom, rF+ Dex+5} (You found it on level 2 of the Depths)
 56958 | Depths:2 | Got a spiked shield
 56970 | Depths:2 | Identified the +0 shield of Hoixt {rC+} (You found it on level 2 of the Depths)
 56975 | Depths:2 | Got an encrusted large shield
 56988 | Depths:2 | Identified the +6 large shield of the Elephant {Int+4} (You found it on level 2 of the Depths)
 57695 | Depths:3 | Found a magical portal.
 57701 | WizLab   | Entered Wucad Mu's Monastery
 58502 | Depths:3 | Reached skill level 10 in Translocations
 58633 | Depths:3 | Reached skill level 1 in Charms
 59243 | Depths:4 | Noticed Xtahua
 59271 | Depths:4 | Killed Xtahua
 59591 | Depths:4 | Found a corrupted altar of Lugonu.
 59601 | Depths:4 | Found a one-way gate to the infinite horrors of the Abyss.
 60136 | Depths:4 | Reached skill level 5 in Charms
 60633 | Depths:5 | Entered Level 5 of the Depths
 60836 | Depths:5 | Reached skill level 10 in Spellcasting
 61045 | Depths:5 | Reached XP level 25. HP: 154/169 MP: 37/37
 61255 | Depths:5 | Reached skill level 1 in Necromancy
 61388 | Depths:5 | Found a white marble altar of Elyvilon.
 61742 | Depths:5 | Found a gate to the Realm of Zot.
 61949 | Depths:5 | Noticed a juggernaut
 62785 | Vaults:5 | Entered Level 5 of the Vaults
 62943 | Vaults:4 | Reached skill level 5 in Necromancy
 63527 | Vaults:5 | Reached XP level 26. HP: 168/176 MP: 40/40
 63617 | Vaults:5 | Got a bound golden ring
 63845 | Vaults:5 | Identified the ring "Morphoit" {Wiz Slay+3 Stlth+} (You took it off a tengu reaver on level 5 of the Vaults)
 64373 | Vaults:5 | Reached skill level 10 in Necromancy
 64512 | Vaults:5 | Got a silver rune of Zot
 64545 | Vaults:5 | Got a warped plate armour
 64560 | Vaults:5 | Identified the +1 plate armour of Pandemonium {+Inv} (You took it off a deep elf priest on level 5 of the Vaults)
 64639 | Vaults:5 | Got a jewelled flail {freeze}
 64640 | Vaults:5 | Identified the cursed +2 flail of Ash {freeze, rPois Str+2 Int+7} (You took it off a deep elf priest on level 5 of the Vaults)
 64926 | Vaults:5 | Identified the Handbook of Creative Arcane Weapons
 64942 | Vaults:5 | Identified the Tome of Supportive Contamination
 65086 | Vaults:5 | Learned a level 6 spell: Deflect Missiles
 65093 | Vaults:5 | Learned a level 6 spell: Haste
 65434 | Vaults:5 | Got a clouded steel ring
 65436 | Vaults:5 | Identified the ring "Pack" {MP+9 Str+2} (You found it on level 5 of the Vaults)
 65588 | Vaults:5 | Reached skill level 1 in Air Magic
 66146 | Vaults:5 | Reached skill level 15 in Spellcasting
 68343 | Bazaar   | Entered a bazaar
 68343 | Bazaar   | Found Jomuipho's Magic Scroll Shop.
 68349 | Bazaar   | Found Rakualif's Food Emporium.
 68376 | Bazaar   | Found Gecamame's Book Shop.
 68381 | Bazaar   | Found Wisoivisch's Food Shoppe.
 68403 | Bazaar   | Bought a royal jelly for 16 gold pieces
 68403 | Bazaar   | Bought a meat ration for 40 gold pieces
 68403 | Bazaar   | Bought a beef jerky for 12 gold pieces
 68403 | Bazaar   | Bought a bread ration for 40 gold pieces
 68403 | Bazaar   | Bought a bread ration for 40 gold pieces
 68403 | Bazaar   | Bought a meat ration for 40 gold pieces
 68403 | Bazaar   | Bought a royal jelly for 16 gold pieces
 68403 | Bazaar   | Bought a meat ration for 40 gold pieces
 68403 | Bazaar   | Bought a beef jerky for 12 gold pieces
 68403 | Bazaar   | Bought a meat ration for 40 gold pieces
 68403 | Bazaar   | Bought a slice of pizza for 12 gold pieces
 68403 | Bazaar   | Bought a meat ration for 40 gold pieces
 68430 | Bazaar   | Bought a scroll of recharging for 66 gold pieces
 68430 | Bazaar   | Bought a scroll of remove curse for 21 gold pieces
 68437 | Bazaar   | Bought 3 fruits for 40 gold pieces
 68437 | Bazaar   | Bought a bread ration for 45 gold pieces
 68437 | Bazaar   | Bought a meat ration for 45 gold pieces
 68437 | Bazaar   | Bought a slice of pizza for 13 gold pieces
 68437 | Bazaar   | Bought a royal jelly for 18 gold pieces
 68437 | Bazaar   | Bought a slice of pizza for 13 gold pieces
 68437 | Bazaar   | Bought a bread ration for 45 gold pieces
 68437 | Bazaar   | Bought a bread ration for 45 gold pieces
 68437 | Bazaar   | Bought a slice of pizza for 13 gold pieces
 68437 | Bazaar   | Bought a bread ration for 45 gold pieces
 68437 | Bazaar   | Bought a bread ration for 45 gold pieces
 68437 | Bazaar   | Bought a bread ration for 45 gold pieces
 68632 | Orc:4    | Bought a scroll of brand weapon for 240 gold pieces
 68643 | Orc:4    | Bought a scroll of brand weapon for 320 gold pieces
 68930 | Snake:4  | Bought a scroll of acquirement for 728 gold pieces
 68966 | Snake:4  | Got a scorched buckler
 68977 | Snake:4  | Identified the +1 buckler of Tuaw {Slay+5} (You acquired it on level 4 of the Snake Pit)
 69006 | Snake:4  | Got a scintillating ivory amulet
 69008 | Snake:4  | Identified the amulet "Gieranguacu" {Stasis rN++ Dex+3} (You acquired it on level 4 of the Snake Pit)
 69368 | Vaults:5 | Learned a level 2 spell: Swiftness
 69371 | Vaults:5 | Learned a level 2 spell: Repel Missiles
 69935 | Slime:1  | Entered Level 1 of the Pits of Slime
 71155 | Slime:4  | Reached XP level 27. HP: 180/180 MP: 32/42
 71400 | Slime:5  | Gained mutation: Armour fits poorly on your strangely shaped body. [a shining eye]
 71866 | Slime:6  | Entered Level 6 of the Pits of Slime
 72105 | Slime:6  | Gained mutation: You are dopey. (Int -2) [a shining eye]
 72108 | Slime:6  | Gained mutation: Scrolls take you a little longer to read. [a shining eye]
 72113 | Slime:6  | Gained mutation: You are clumsy. (Dex -2) [a shining eye]
 72210 | Slime:6  | Reached skill level 21 in Fighting
 72733 | Slime:6  | Found a viscous altar of Jiyva.
 72747 | Slime:6  | Noticed the royal jelly
 72879 | Slime:6  | Killed the royal jelly
 73711 | Slime:6  | Got a brightly glowing leather armour
 73722 | Slime:6  | Identified the +1 leather armour of Lifelessness {rElec rC+ Slay+2} (You found it on level 6 of the Pits of Slime)
 73817 | Slime:6  | Got a warped scale mail
 73828 | Slime:6  | Identified the +9 scale mail of Liberalism {Str+3} (You found it on level 6 of the Pits of Slime)
 73988 | Slime:6  | Got a slimy rune of Zot
 75194 | Depths:4 | Voluntarily entered the Abyss.
 75751 | Abyss:3  | Found a corrupted altar of Lugonu.
 76196 | Abyss:3  | Found a blossoming altar of Fedhas.
 76296 | Abyss:3  | Gained mutation: You occasionally shout uncontrollably at your foes. [a neqoxec]
 76302 | Abyss:3  | Gained mutation: Potions and wands are less effective at restoring your health. [a neqoxec]
 76450 | Abyss:3  | Found a blossoming altar of Fedhas.
 76504 | Abyss:3  | Gained mutation: Your body often deteriorates upon taking damage. [a neqoxec]
 76643 | Abyss:3  | Gained mutation: You sometimes yell uncontrollably at your foes. [a neqoxec]
 76781 | Abyss:3  | Found a corrupted altar of Lugonu.
 77124 | Abyss:3  | Paralysed by accursed screaming for 2 turns
 77859 | Abyss:3  | Found a corrupted altar of Lugonu.
 78319 | Abyss:3  | Got an abyssal rune of Zot
 78359 | Abyss:3  | Found a shimmering altar of Xom.
 78361 | Abyss:3  | Found a shimmering altar of Xom.
 78361 | Abyss:3  | Found a corrupted altar of Lugonu.
 78362 | Abyss:3  | Found a shimmering altar of Xom.
 78362 | Abyss:3  | Found a shimmering altar of Xom.
 78362 | Abyss:3  | Found a shimmering altar of Xom.
 78362 | Abyss:3  | Found a shimmering altar of Xom.
 78362 | Abyss:3  | Found a shimmering altar of Xom.
 78363 | Abyss:3  | Found a shimmering altar of Xom.
 78363 | Abyss:3  | Found a shimmering altar of Xom.
 78363 | Abyss:3  | Found a shimmering altar of Xom.
 78363 | Abyss:3  | Found a shimmering altar of Xom.
 78363 | Abyss:3  | Found a shimmering altar of Xom.
 78364 | Abyss:3  | Found a shimmering altar of Xom.
 78365 | Abyss:3  | Found a shimmering altar of Xom.
 78399 | Depths:4 | Escaped the Abyss
 78417 | Depths:4 | Lost mutation: Scrolls take you longer to read. [potion of cure mutation]
 78418 | Depths:4 | Lost mutation: You expend magic power (3 MP) to strengthen your wands. [potion of cure mutation]
 78418 | Depths:4 | Lost mutation: Your body often deteriorates upon taking damage. [potion of cure mutation]
 78418 | Depths:4 | Lost mutation: You are very dopey. (Int -4) [potion of cure mutation]
 79480 | Zot:1    | Entered Level 1 of the Realm of Zot
 81113 | Zot:2    | Reached skill level 22 in Fighting
 81122 | Zot:2    | Reached skill level 15 in Dodging
 81221 | Zot:2    | Got a steaming granite ring
 81235 | Zot:2    | Identified the ring "Qeacrila" {+Fly rElec rPois MR- Int+7} (You found it on level 2 of the Realm of Zot)
 81903 | Zot:3    | Noticed an orb of fire
 81913 | Zot:3    | Lost mutation: Potions and wands are less effective at restoring your health. [an orb of fire]
 81915 | Zot:3    | Lost mutation: Your muscles are strong. (Str +2) [an orb of fire]
 81921 | Zot:3    | Gained mutation: Your magical capacity is low (-10% MP). [an orb of fire]
 81930 | Zot:3    | Killed an orb of fire
 82208 | Zot:3    | Noticed an ancient lich
 82227 | Zot:3    | Killed an ancient lich
 82243 | Zot:3    | Got a pair of transparent boots
 82254 | Zot:3    | Identified the +2 pair of boots "Teokeis" {*Contam rF+ rN+++ rCorr} (You acquired it on level 3 of the Realm of Zot)
 82256 | Zot:3    | Identified the Incunabulum of the Voyage (You found it on level 3 of the Realm of Zot)
 82263 | Zot:3    | Learned a level 5 spell: Phase Shift
 82275 | Zot:3    | Learned a level 8 spell: Controlled Blink
 82277 | Zot:3    | Identified the Compendium of Good Luck
 84189 | D:9      | Learned a level 3 spell: Spectral Weapon
 85730 | Pan      | Entered Pandemonium
 85746 | Pan      | Reached skill level 23 in Fighting
 85811 | Pan      | Found an exit through the horrors of the Abyss.
 85832 | Pan      | Noticed Adwicer the pandemonium lord
 85864 | Pan      | Killed Adwicer the pandemonium lord
 86252 | Pan      | Noticed Saocizo the pandemonium lord
 86266 | Pan      | Killed Saocizo the pandemonium lord
 86464 | Pan      | Noticed Ackost the pandemonium lord
 86482 | Pan      | Gained mutation: Your spells are a little easier to cast, but a little less powerful. [a cacodemon]
 86511 | Pan      | Gained mutation: You frequently scream uncontrollably at your foes. [a cacodemon]
 86519 | Pan      | Killed Ackost the pandemonium lord
 86609 | Pan      | Gained mutation: You are weak. (Str -2) [a neqoxec]
 86760 | Pan      | Found an exit through the horrors of the Abyss.
 86868 | Pan      | Gained mutation: Your spells are easier to cast, but less powerful. [a neqoxec]
 86976 | Pan      | Found an exit through the horrors of the Abyss.
 87222 | Pan      | Noticed Dotz the pandemonium lord
 87403 | Pan      | Lost mutation: You are weak. (Str -2) [potion of cure mutation]
 87403 | Pan      | Lost mutation: Your spells are easier to cast, but less powerful. [potion of cure mutation]
 87416 | Pan      | Found an exit through the horrors of the Abyss.
 87469 | Pan      | Gained mutation: Your body sometimes deteriorates upon taking damage. [a cacodemon]
 87549 | Pan      | Paralysed by a chaos spawn for 6 turns
 87630 | Pan      | Found an exit through the horrors of the Abyss.
 87696 | Pan      | Gained mutation: You are frail (-10% HP). [a neqoxec]
 87966 | Pan      | Found an exit through the horrors of the Abyss.
 88027 | Pan      | Noticed Yffiaq the pandemonium lord
 88042 | Pan      | Killed Yffiaq the pandemonium lord
 88215 | Pan      | Noticed Wuuhal the pandemonium lord
 88236 | Pan      | Killed Wuuhal the pandemonium lord
 88241 | Pan      | Got a demonic rune of Zot
 88301 | Pan      | Reached skill level 24 in Fighting
 88445 | Pan      | Found an exit through the horrors of the Abyss.
 88678 | Pan      | Got a faintly glowing turquoise ring
 88680 | Pan      | Identified the ring "Qosireaxt" {Ice Int+3} (You found it in Pandemonium)
 89089 | Pan      | Entered the realm of Lom Lobon.
 89832 | Pan      | Found an exit through the horrors of the Abyss.
 90007 | Pan      | Noticed Lom Lobon
 90459 | Pan      | HP: 7/171 [Lom Lobon/great icy blast (58)]
 90460 | Pan      | HP: 3/171 [Lom Lobon/great icy blast (16)]
 90462 | Pan      | Killed from afar by Lom Lobon

Action                   |  1- 3 |  4- 6 |  7- 9 | 10-12 | 13-15 | 16-18 | 19-21 | 22-24 | 25-27 || total
-------------------------+-------+-------+-------+-------+-------+-------+-------+-------+-------++-------
Melee: War axe           |   121 |   274 |   317 |   871 |  1709 |  2641 |   588 |   509 |  2380 ||  9410
       Hand axe          |       |       |       |       |       |       |  1562 |  1726 |  1439 ||  4727
       Morningstar       |       |       |       |       |       |       |    79 |       |       ||    79
       Flail             |       |       |       |       |       |       |       |  1344 |       ||  1344
       Broad axe         |       |       |       |       |       |       |       |       |  2043 ||  2043
 Cast: Song of Slaying   |       |       |       |       |       |       |       |       |    25 ||    25
       Blink             |       |       |       |       |       |       |       |       |    12 ||    12
       Swiftness         |       |       |       |       |       |       |       |       |     2 ||     2
       Spectral Weapon   |       |       |       |       |       |       |       |       |     2 ||     2
       Repel Missiles    |       |       |       |       |       |       |       |       |     1 ||     1
       Regeneration      |       |       |       |       |       |       |       |       |     1 ||     1
       Phase Shift       |       |       |       |       |       |       |       |       |     1 ||     1
Invok: Lesser Servant of |       |       |       |    12 |    52 |    50 |     7 |     3 |     7 ||   131
 Abil: Fly               |       |       |       |       |     1 |     3 |     1 |       |     1 ||     6
       Stop Flying       |       |       |       |       |     1 |     1 |       |       |     1 ||     3
       Evoke Teleportati |       |       |       |       |       |       |     4 |     6 |     7 ||    17
Evoke: Wand              |       |       |       |     2 |       |       |       |       |     6 ||     8
       Lamp of fire      |       |       |       |       |       |     1 |       |       |       ||     1
  Use: Scroll            |       |     4 |       |    12 |    20 |    21 |     6 |     7 |    23 ||    93
       Potion            |       |       |       |     1 |       |     5 |       |     3 |     7 ||    16
 Stab: Distracted        |       |       |       |     1 |     8 |     5 |     3 |     1 |     3 ||    21
       Petrifying        |       |       |       |       |     1 |       |       |       |       ||     1
       Petrified         |       |       |       |       |     1 |       |       |       |       ||     1
       Confused          |       |       |       |       |       |       |       |     2 |       ||     2
  Eat: Chunk             |       |     7 |     8 |    23 |    32 |    46 |    27 |   251 |   485 ||   879
       Beef jerky        |       |     2 |       |     1 |       |       |     2 |     1 |     7 ||    13
       Meat ration       |       |     1 |       |       |       |       |       |       |       ||     1
       Pizza             |       |       |       |     1 |       |       |       |       |     6 ||     7
       Fruit             |       |       |       |     3 |     4 |     3 |     3 |    19 |     7 ||    39
       Bread ration      |       |       |       |       |     1 |       |     1 |       |     1 ||     3
       Royal jelly       |       |       |       |       |       |       |     1 |       |     5 ||     6
